 Dungeon Crawl Stone Soup version 0.16-a0-3218-g9b393b2 (console) character file.

8227 Fusha the Nimble (level 11, -5/53 HPs)
             Began as a Felid Healer on Dec 20, 2014.
             Was a Believer of Elyvilon.
             Slain by a three-headed hydra (18 damage)
             ... on level 8 of the Dungeon.
             The game lasted 01:47:25 (28669 turns).

Fusha the Nimble (Felid Healer)                    Turns: 28669, Time: 01:47:26

Health: -5/53      AC:  3    Str: 10    XL:     11   Next: 7%
Magic:  25/25      EV: 37    Int: 15    God:    Elyvilon [**....]
Gold:   1155       SH:  0    Dex: 22    Spells: 0 memorised, 10 levels left
                                        Lives:  0   Deaths: 3

rFire  . . .     SeeInvis +       - Unarmed
rCold  + . .     Clarity  .     (armour unavailable)
rNeg   . . .     SustAb   .     (shield unavailable)
rPois  .         Gourm    .     (helmet unavailable)
rElec  .         Spirit   .     (cloak unavailable)
rCorr  .         Warding  .     (gloves unavailable)
rMut   .         Stasis   +     (boots unavailable)
MR     +....                    S - amulet of stasis
Stlth  +++++++...               c - +4 ring of evasion
                                x - +5 ring of dexterity

@: quick, somewhat resistant to hostile enchantments, extremely stealthy
A: paw claws, no armour, no weapons or thrown items, fangs 3, see invisible,
carnivore 3, clumsy 1, speed 1, shaggy fur 3, slow metabolism 1, strong 1
a: Lesser Healing, Lesser Self-Healing, Divine Protection, Purification,
Renounce Religion


You were on level 8 of the Dungeon.
You worshipped Elyvilon.
Elyvilon was pleased with you.
You were not hungry.

You visited 2 branches of the dungeon, and saw 14 of its levels.
You also visited: Sewer and Ice Cave.

You collected 1293 gold pieces.
You spent 138 gold pieces at shops.

Inventory:

Jewellery
 c - a +4 ring of evasion (right paw)
 e - an uncursed ring of sustain abilities
 f - an uncursed ring of positive energy
 g - an uncursed ring of invisibility
 j - an uncursed ring of teleportation
 l - a cursed ring of fire
 u - an uncursed ring of protection from cold
 v - an uncursed ring of fire
 x - a +5 ring of dexterity (left paw)
 J - an uncursed ring of protection from cold
 L - an uncursed amulet of resist mutation
 Q - a +2 ring of dexterity
 S - an amulet of stasis (around neck)
 U - a +2 ring of evasion
 Y - an uncursed ring of poison resistance
Magical devices
 n - a wand of cold (11)
 w - a wand of slowing (21)
 C - a wand of confusion (30)
 D - a wand of fireball (7)
 E - a wand of polymorph (9)
 G - a wand of paralysis (11)
 M - a wand of disintegration (14)
Scrolls
 k - 7 scrolls of teleportation
 q - 2 scrolls of recharging
 r - 5 scrolls of fear
 s - 6 scrolls of magic mapping
 t - a scroll of blinking
 y - 2 scrolls of noise
 A - 3 scrolls of amnesia {unknown}
 B - 2 scrolls of immolation
 H - 6 scrolls of remove curse
 O - a scroll of fog
Potions
 a - a potion of mutation
 b - 9 potions of curing
 h - 2 potions of cancellation
 i - 2 potions of restore abilities
 o - a potion of magic
 I - a potion of agility
 K - a potion of poison
 P - a potion of degeneration
 R - a potion of beneficial mutation
 V - a potion of haste
Miscellaneous
 W - a lamp of fire
 X - an ornate deck of wonders
Comestibles
 d - 8 meat rations
 m - 4 beef jerkies
 z - 2 royal jellies
 F - 7 slices of pizza


   Skills:
 * Level 9.5 Fighting
 * Level 14.0 Dodging
 + Level 12.0 Stealth
 * Level 9.5 Unarmed Combat
 + Level 7.4 Invocations
 + Level 8.6 Evocations


You had 10 spell levels left.
You didn't know any spells.

Dungeon Overview and Level Annotations

Branches:
Dungeon (10/15)            Temple (0/1) D:7            Lair (4/8) D:10
 Shoals (0/5) Lair:3
  Snake: Lair:3-6    Spider: Lair:3-6       Orc: D:9-12

Altars:
Cheibriados
Dithmenos
Kikubaaqudgha
Makhleb
Nemelex Xobeh
Ru
Sif Muna
Xom
Yredelemnul

Shops:
D:5 ?   D:7 *

Annotations:
D:8 hydras
Lair:3 Maud


Innate Abilities, Weirdness & Mutations

You cannot wear armour.
You are incapable of wielding weapons or throwing items.
Your paws have sharp claws.
You have razor-sharp teeth.
You have supernaturally acute eyesight.
You are carnivorous and can eat meat at any time.
You cover ground quickly.
Your thick and shaggy fur keeps you warm (AC +3, rC+).
You have a slow metabolism.
You are clumsy. (Dex -2)
Your muscles are strong. (Str +2)


Message History

Your bite misses the three-headed hydra.
The three-headed hydra misses you.
The three-headed hydra completely misses you.
The three-headed hydra bites you!
You scratch the three-headed hydra.
The three-headed hydra begins to bleed from its wounds!
The three-headed hydra is lightly wounded.
The three-headed hydra misses you. The three-headed hydra bites you!
The three-headed hydra completely misses you.
You scratch the three-headed hydra.
The three-headed hydra is lightly wounded.
The three-headed hydra closely misses you.
The three-headed hydra completely misses you. x2
You claw the three-headed hydra!
The three-headed hydra is moderately wounded.
The three-headed hydra bites you!
* * * LOW HITPOINT WARNING * * *
The three-headed hydra completely misses you.
The three-headed hydra bites you!!
You die...

#.# #.# #.# #.# #.# #.#
#.# ########### #.#
#....D.(.(## #.#
#...@####..# #.#
#....#####)##### #.#
#....##.≈.≈.≈PP# #.#
#....##..%...≈P#
#.###.....#..P..P≈≈####
#.#.'.....#...%.≈≈P#..###
#.#.#.....#...%.P≈(#..#.Z
#.#.#.....##'''###'#..#.#
#.....##..#.....#.)#..#.#


You could see a three-headed hydra (bleeding).

Vanquished Creatures
  3 death yaks (Lair:3)
  2 unseen horrors (D:10)
  2 ice statues (IceCv)
  Erolcha (D:9)
  Pikel (D:9)
  A hill giant (D:10)
  The ghost of myeffort the Geomancer, an experienced DDEE (D:7)
  The ghost of myeffort the Geomancer, an experienced DDEE of Makhleb (D:6)
  A griffon (Lair:3)
  Maurice (D:8)
  Joseph (D:8)
  A gargoyle (D:10)
  A komodo dragon (Lair:2)
  A polar bear (Lair:3)
  A basilisk (Lair:3)
  Eustachio (D:6)
  A wandering mushroom (D:9)
  4 hippogriffs
  A deep elf fighter (D:10)
  2 yaks (D:8)
  7 wolves
  5 water moccasins
  29 ice beasts
  4 ogres
  2 orc warriors
  2 slaves
  A black bear (D:7)
  2 porcupines
  A phantom (D:4)
  Sigmund (D:6)
  4 big kobolds
  4 crocodiles
  3 centaurs
  12 giant frogs
  A wyvern skeleton (D:7)
  5 scorpions
  4 wights (D:9)
  2 giant frog zombies
  4 crimson imps
  A centaur skeleton (D:8)
  A centaur zombie (D:10)
  A giant frog skeleton (D:8)
  3 jellies
  A quasit (D:9)
  7 hounds
  8 orc priests
  10 orc wizards
  7 iguanas
  9 worker ants
  2 sheep (D:8)
  A killer bee zombie (D:5)
  2 mummies
  A worker ant zombie (D:5)
  19 adders
  3 gnolls (D:4)
  16 river rats
  4 shadow imps
  5 giant mites
  3 worms
  An ufetubus (D:6)
  An adder skeleton (D:8)
  3 giant geckos
  3 oozes (Sewer)
  24 orcs
  3 bat skeletons
  13 giant cockroaches
  7 goblins
  11 hobgoblins
  4 quokkas
  14 ball pythons
  18 bats
  8 giant newts
  A jackal zombie (D:5)
  16 kobolds
  A quokka skeleton (D:4)
  33 rats
  4 ballistomycetes (D:9)
390 creatures vanquished.

Vanquished Creatures (others)
  A wyvern skeleton (D:9)
  An adder (D:9)
  2 orcs (D:9)
  A hobgoblin (D:5)
  2 bats (D:10)
  2 kobolds
  2 rats (D:10)
11 creatures vanquished.

Grand Total: 401 creatures vanquished

Notes
Turn   | Place    | Note
--------------------------------------------------------------
     0 | D:1      | Fusha, the Felid Healer, began the quest for the Orb.
     0 | D:1      | Reached XP level 1. HP: 9/9 MP: 2/2
   404 | D:1      | Reached skill level 3 in Dodging
   475 | D:1      | Reached XP level 2. HP: 12/12 MP: 3/3
   617 | D:1      | Reached skill level 1 in Unarmed Combat
  1082 | D:2      | Found a sacrificial altar of Ru.
  1616 | D:2      | Reached XP level 3. HP: 13/15 MP: 5/7
  2844 | D:2      | Reached skill level 1 in Stealth
  2844 | D:2      | Reached XP level 4. HP: 16/19 MP: 10/10
  3146 | D:3      | Found a shimmering altar of Xom.
  3153 | D:3      | Found a shimmering altar of Xom.
  3154 | D:3      | Found a shimmering altar of Xom.
  3155 | D:3      | Found a shimmering altar of Xom.
  3155 | D:3      | Found a shimmering altar of Xom.
  3209 | D:3      | Found a shimmering altar of Xom.
  3813 | D:4      | Found a basalt altar of Yredelemnul.
  3870 | D:4      | Noticed an ogre
  4109 | D:3      | Reached skill level 4 in Dodging
  4654 | D:4      | Reached XP level 5. HP: 17/23 MP: 11/11
  5301 | D:4      | Noticed a phantom
  6423 | D:5      | Entered Level 5 of the Dungeon
  6513 | D:5      | Noticed an ice beast
  6892 | D:5      | Noticed an ogre
  7332 | D:2      | Gained mutation: You are covered in thick fur (AC +2). [growing up]
  7332 | D:2      | Reached XP level 6. HP: 8/27 MP: 14/14
  7968 | D:4      | Killed a phantom
  7968 | D:4      | Reached skill level 5 in Dodging
  8674 | D:5      | Found Iteissenu's Magic Scroll Boutique.
  8767 | D:5      | Reached XP level 7. HP: 31/31 MP: 17/17
  8850 | D:5      | Bought a scroll of teleportation for 36 gold pieces
  8850 | D:5      | Bought a scroll of fear for 42 gold pieces
  8850 | D:5      | Bought a scroll of remove curse for 36 gold pieces
  8850 | D:5      | Bought a scroll of identify for 24 gold pieces
  9419 | D:5      | Killed an ice beast
  9419 | D:5      | Reached skill level 6 in Dodging
  9823 | D:5      | Killed an ogre
  9917 | D:6      | Noticed Sigmund
  9921 | D:6      | Found a shadowy altar of Dithmenos.
  9938 | D:6      | Found a glowing drain.
  9940 | D:6      | Noticed myeffort's ghost (experienced DDEE)
  9948 | Sewer    | Entered a sewer
 10885 | Sewer    | Reached skill level 1 in Evocations
 10885 | Sewer    | Reached XP level 8. HP: 7/36 MP: 16/18
 10885 | Sewer    | Acquired Elyvilon's second power
 11696 | D:6      | Reached skill level 5 in Unarmed Combat
 11806 | D:6      | HP: 1/36 [myeffort's ghost (20)]
 12188 | D:6      | Reached skill level 5 in Fighting
 12188 | D:6      | Reached skill level 7 in Dodging
 12426 | D:6      | Killed Sigmund
 13264 | D:6      | Slain by myeffort's ghost
 13265 | D:6      | Reached XP level 7. HP: -1/33 MP: 17/18
 13310 | D:6      | Killed myeffort's ghost
 13310 | D:6      | Reached skill level 8 in Dodging
 13310 | D:6      | Reached skill level 5 in Invocations
 13310 | D:6      | Reached XP level 8. HP: 30/38 MP: 19/19
 13583 | D:7      | Found Schogguro's Assorted Antiques.
 13601 | D:7      | Reached skill level 5 in Stealth
 13920 | D:7      | Found a staircase to the Ecumenical Temple.
 14156 | D:7      | Noticed myeffort's ghost (experienced DDEE)
 15490 | D:8      | Noticed Maurice
 15502 | D:8      | Killed Maurice
 15504 | D:8      | Noticed Joseph
 15526 | D:7      | Reached XP level 9. HP: 21/41 MP: 21/21
 15829 | D:8      | Reached skill level 9 in Dodging
 16165 | D:7      | Killed myeffort's ghost
 16473 | D:8      | Found a burning altar of Makhleb.
 16481 | D:8      | Found an ancient bone altar of Kikubaaqudgha.
 16484 | D:8      | Found a sparkling altar of Nemelex Xobeh.
 17054 | D:8      | Noticed Eustachio
 17443 | D:8      | Reached skill level 10 in Dodging
 17556 | D:8      | Noticed a three-headed hydra
 17979 | D:6      | Reached XP level 10. HP: 36/47 MP: 23/23
 17995 | D:6      | Killed Eustachio
 18297 | D:8      | Killed Joseph
 19275 | D:9      | Noticed Pikel
 19351 | D:9      | Killed Pikel
 19404 | D:9      | Found a snail-covered altar of Cheibriados.
 19455 | D:9      | Found a deep blue altar of Sif Muna.
 19513 | D:9      | Reached skill level 5 in Evocations
 19526 | D:9      | Elyvilon protects you from harm!
 20248 | D:9      | Noticed Erolcha
 20250 | D:9      | Killed Erolcha
 20250 | D:9      | Reached skill level 11 in Dodging
 20431 | D:10     | Entered Level 10 of the Dungeon
 20593 | D:10     | Noticed a hill giant
 20760 | D:10     | Noticed an unseen horror
 20787 | D:10     | Killed an unseen horror
 20921 | D:10     | Noticed an unseen horror
 20940 | D:10     | Killed an unseen horror
 21230 | D:10     | Reached XP level 11. HP: 39/51 MP: 25/25
 21440 | D:10     | Reached skill level 13 in Dodging
 21440 | D:10     | Gained mutation: Your thick and shaggy fur keeps you warm (AC +3, rC+). [growing up]
 21440 | D:10     | Reached XP level 12. HP: 55/55 MP: 26/26
 21881 | D:10     | Found a staircase to the Lair.
 22006 | D:10     | Killed a hill giant
 22023 | Lair:1   | Entered Level 1 of the Lair of Beasts
 22051 | Lair:1   | Found a frozen archway.
 22060 | IceCv    | Entered an ice cave
 23358 | IceCv    | Noticed an ice dragon
 23359 | IceCv    | Noticed an ice dragon
 23444 | IceCv    | Gained mutation: You are clumsy. (Dex -2) [potion of mutation]
 23565 | IceCv    | Gained mutation: Your muscles are strong. (Str +2) [potion of beneficial mutation]
 24174 | IceCv    | Got a wavering bone ring
 24176 | IceCv    | Identified the ring "Uricuj" {Int+4 Dex-3 Slay+3} (You found it in an ice cave)
 26036 | Lair:3   | Found a staircase to the Shoals.
 26227 | Lair:3   | Noticed Maud
 26241 | Lair:3   | HP: 2/85 [Maud/enchanted demon trident (20)]
 26242 | Lair:3   | Demolished by Maud
 26243 | Lair:3   | Reached XP level 11. HP: -20/79 MP: 25/25
 26670 | Lair:3   | Acquired Elyvilon's third power
 27123 | Lair:3   | Slain by a hound
 27124 | Lair:3   | Reached XP level 10. HP: 0/49 MP: 24/25
 27147 | Lair:3   | Reached skill level 14 in Dodging
 27147 | Lair:3   | Reached XP level 11. HP: 50/53 MP: 25/25
 28112 | D:7      | Found Schogguro's Assorted Antiques.
 28226 | D:7      | Found a staircase to the Ecumenical Temple.
 28669 | D:8      | Slain by a three-headed hydra

Action                   |  1- 3 |  4- 6 |  7- 9 | 10-12 || total
-------------------------+-------+-------+-------+-------++-------
Melee: Unarmed           |   161 |   305 |   609 |   801 ||  1876
Invok: Lesser Self-Heali |       |     1 |     1 |       ||     2
       Lesser Healing    |       |       |    35 |    52 ||    87
Evoke: Wand              |       |       |     3 |     3 ||     6
  Use: Scroll            |       |     5 |     6 |    11 ||    22
       Potion            |       |     3 |     7 |    12 ||    22
 Stab: Sleeping          |     3 |     4 |    14 |    30 ||    51
       Distracted        |       |       |     2 |     3 ||     5
       Paralysed         |       |       |     1 |       ||     1
  Eat: Chunk             |    10 |    13 |    27 |    36 ||    86
